 Dungeon Crawl Stone Soup version 0.29-a0-821-g6639535 (webtiles) character file.

Game seed: 7294177656135534172

494 PurpleRed the Thaumaturge (level 6, 0/37 HPs)
             Began as a Deep Elf Brigand on July 7, 2022.
             Succumbed to a gnoll's poison
             ... on level 4 of the Dungeon.
             The game lasted 00:08:56 (1075 turns).

PurpleRed the Thaumaturge (Deep Elf Brigand)        Turns: 1075, Time: 00:08:57

Health: 0/37       AC:  3    Str:  8    XL:     6   Next: 92%
Magic:  15/21      EV: 12    Int: 18    God:
Gold:   91         SH:  0    Dex: 16    Spells: 20/25 levels left

rFire   . . .      SeeInvis .   a - +2 dagger (protect)
rCold   . . .      Faith    .   (no shield)
rNeg    . . .      Spirit   .   b - +0 robe
rPois   .          Reflect  .   (no helmet)
rElec   .          Harm     .   c - +0 cloak
rCorr   .          Rampage  .   (no gloves)
Will    .....                   (no boots)
Stlth   +++.......              (no amulet)
HPRegen 0.12/turn               (no ring)
MPRegen 0.17/turn               (no ring)

@: lethally poisoned (0 -> -1), about to teleport
A: no striking features
a: no special abilities


You were on level 4 of the Dungeon.
You visited 2 branches of the dungeon, and saw 5 of its levels.

You collected 91 gold pieces.

Inventory:

Hand Weapons
 a - a +2 dagger of protection (weapon)
 j - a +1 mace of protection
Missiles
 d - 12 poisoned darts (quivered)
 e - 9 curare-tipped darts
 g - 2 silver javelins
 h - 9 boomerangs
Armour
 b - a +0 robe (worn)
 c - a +0 cloak (worn)
 n - a +0 cloak


   Skills:
 - Level 3.1 Fighting
 - Level 2.0 Short Blades
 - Level 2.0 Throwing
 - Level 1.2 Dodging
 - Level 4.8 Stealth
 + Level 10.2 Spellcasting
 + Level 7.6 Conjurations
 + Level 7.6 Fire Magic


You had 20 spell levels left.
You knew the following spells:

 Your Spells              Type           Power      Damage    Failure   Level
a - Foxfire               Conj/Fire      100%       2x1d9     1%          1
b - Flame Wave            Conj/Fire      36%        2d9       3%          4

Your spell library contained the following spells:

 Spells                   Type           Power      Damage    Failure   Level
 Conjure Flame            Conj/Fire      36%        6-21      1%          3
 Inner Flame              Hex/Fire       22%        N/A       4%          3


Dungeon Overview and Level Annotations

Branches:
Dungeon (4/15)             Temple (1/1) D:4

Altars:
Ashenzari
Dithmenos
Fedhas
Hepliaklqana
Kikubaaqudgha
Nemelex Xobeh
Ru
Sif Muna
Trog
Wu Jian
Zin

Annotations:
D:4 1 transporter


Message History

Item here: a throwing net.
The floor.
Unknown command.
A gnoll comes into view. It is wielding a +2 halberd of venom.
The gnoll shouts! x2
The gnoll hits you from afar with a +2 halberd of venom.
You are poisoned.
The gnoll hits the plant with a +0 flail!
The plant begins to die.
The gnoll hits you with a +0 spear.
There is an open translucent door here.
A gnoll comes into view.
It is wielding a +0 spear and carrying a wand of flame (29).
You feel very sick.
A gnoll opens the door.
The gnoll hits you from afar with a +0 spear.
You feel sick.
The gnoll shouts!
As you read the scroll labelled OBLATW KOBUDY, it crumbles to dust.
It is a scroll of brand weapon.
Your +2 dagger projects an invisible shield of force!
a - a +2 dagger of protection (weapon)
You feel sick.
The gnoll hits you from afar with a +0 spear.
You feel sick.
As you read the scroll of teleportation, it crumbles to dust.
You feel strangely unstable.
You feel sick.
The gnoll hits you from afar with a +0 spear.
* * * LOW HITPOINT WARNING * * *
The gnoll hits something with a +0 flail!
Okay, then.
Found 3 gold pieces.
You feel sick.
The gnoll hits you from afar with a +0 spear!
* * * LOW HITPOINT WARNING * * *
The gnoll hits something with a +0 flail.
It was a potion of experience.
You feel more experienced!
Your Spellcasting skill gained 5 levels and is now at level 10!
Your Conjurations skill gained 6 levels and is now at level 7!
Your Fire Magic skill gained 6 levels and is now at level 7!
You have reached level 6!
You die...

####.≈≈.##.#.,,#.##,≈≈..,,,,,,,,*
.....≈≈.#g.#,,,#..*.≈≈..**,8,,,8*
###..≈≈.##.#####.##.≈≈..**,,,,,,*
#......#.#8⌠8#.#..≈≈.#**,,,8,,*
##....©#.'g©.g.#©.≈≈..,,,******
#.....#.#..P#g#..≈≈..****
#.≈≈)##.##.##g##.≈≈..*
#.≈≈†#..#P.P#..#.≈≈..*
#.≈≈.##.'...+@##.≈≈..*
*#.≈≈(.#.#P.P#.#..≈≈.J*
**#..≈≈###.##'##g###≈≈..*
,$...≈≈#..........,*≈≈..*
##.#.≈≈*#,###,*##.**≈≈..*
#.#.≈≈*,,*8***8*..*≈≈$#*
*,*,≈≈****,,,,,*##*≈≈,#
*,,,≈≈≈≈≈≈≈≈≈≈≈≈≈≈≈≈≈,*
**,,≈≈≈≈≈≈≈≈≈≈≈≈≈≈≈≈≈,*


You could see 4 gnolls and an endoplasm (asleep).

Vanquished Creatures
  An orc warrior (D:4)
  An ogre (D:4)
  An orc wizard (D:4)
  3 adders
  2 worms (D:3)
  3 orcs (D:4)
  4 ball pythons
  An endoplasm (D:4)
  3 hobgoblins (D:3)
  A frilled lizard (D:2)
20 creatures vanquished.

Vanquished Creatures (others)
  3 foxfires (D:4)
  6 plants (D:4)
9 creatures vanquished.

Grand Total: 29 creatures vanquished

Notes
Turn   | Place    | Note
-------+----------+-------------------------------------------
     0 | D:1      | PurpleRed the Deep Elf Brigand began the quest for the Orb.
     0 | D:1      | Reached XP level 1. HP: 12/12 MP: 3/3
   277 | D:3      | Reached skill level 1 in Spellcasting
   277 | D:3      | Reached XP level 2. HP: 17/17 MP: 4/6
   373 | D:4      | Reached skill level 2 in Spellcasting
   376 | D:4      | Noticed an ogre
   404 | D:4      | Reached XP level 3. HP: 1/22 MP: 8/8
   458 | D:4      | Killed an ogre
   459 | D:4      | Reached skill level 4 in Spellcasting
   459 | D:4      | Reached XP level 4. HP: 7/28 MP: 9/12
   618 | D:3      | Learned a level 1 spell: Foxfire
   623 | D:3      | Learned a level 4 spell: Flame Wave
   756 | D:4      | Noticed an orc warrior
   810 | D:4      | Killed an orc warrior
   811 | D:4      | Reached skill level 1 in Conjurations
   811 | D:4      | Reached skill level 1 in Fire Magic
   811 | D:4      | Reached XP level 5. HP: 11/32 MP: 14/14
   821 | D:4      | Reached skill level 5 in Spellcasting
   853 | D:4      | Found a staircase to the Ecumenical Temple.
   861 | Temple   | Entered the Ecumenical Temple
  1043 | D:4      | Found a transporter.
  1043 | D:4      | Found a transporter.
  1074 | D:4      | HP: 1/32 [gnoll/+0 spear (7)]
  1075 | D:4      | Reached skill level 10 in Spellcasting
  1075 | D:4      | Reached XP level 6. HP: 1/37 MP: 15/21
  1075 | D:4      | Succumbed to a gnoll's poison

Illustrated notes

Levels and vault maps discovered:
D:1:      spicycebolla_arrival_clurvy, layout_basic,
          hellmonk_ecumenical_altar_pennies_from_heaven
D:2:      minmay_general_purpose_star, layout_basic, nicolae_underground_beach
D:3:      layout_basic, serial_rivers, chequers_serial_rivers_large_a,
          chequers_serial_rivers_micro_d, chequers_serial_rivers_room_b,
          chequers_serial_rivers_micro_d, chequers_serial_rivers_marsh,
          chequers_serial_rivers_small_a
D:4:      minmay_chambers_of_threes, layout_loops_ring, kennysheep_slug_shrine,
          minmay_temple_entry_gardened_gates, gammafunk_ghost_gnarly_gnolls,
          nicolae_ossuary_entry_monument, uniq_duvessa
Temple:   bh_familiar_temple

Skill      XL: |  1  2  3  4  5 |
---------------+----------------+-----
Fighting       | 2 3 |  3.1
Spellcasting   | 1 2 4 10 | 10.2
Conjurations   | 1 7 |  7.6
Fire Magic     | 1 7 |  7.6
Short Blades   | |  2.0
Throwing       | |  2.0
Dodging        | |  1.2
Stealth        | |  4.8

Action                   |  1- 3 |  4- 6 || total
-------------------------+-------+-------++-------
Melee: Dagger            |    15 |    18 ||    33
       Punch             |       |     1 ||     1
Throw: Dart              |    18 |    16 ||    34
 Cast: Foxfire           |       |     4 ||     4
  Use: Scroll            |     1 |     5 ||     6
       Potion            |     1 |     2 ||     3
 Stab: Sleeping          |     1 |     4 ||     5
       Invisible         |     1 |     1 ||     2
Armor: Robe              |       |     1 ||     1
Dodge: Dodged            |     8 |    11 ||    19

Table legend: (Time is in decaauts)
 A = Elapsed time spent in this place.
 B = Non-inter-level travel time spent in this place.
 C = Inter-level travel time spent in this place.
 D = Time resting spent in this place.
 E = Time spent auto-exploring this place.
 F = Levels seen in this place.
 G = Mean time per level.
                   A        B        C        D        E       F      G
               +--------+--------+--------+--------+--------+-----+--------+
         Total |   1072 |   1072 |      0 |      0 |     13 |   5 |  214.4 |
       Dungeon |    896 |    896 |      0 |      0 |     13 |   4 |  224.0 |
        Temple |    175 |    175 |      0 |      0 |      0 |   1 |  175.0 |
               +--------+--------+--------+--------+--------+-----+--------+

Top non-repeatable levels by time:
     D:3: 379 daAuts
     D:4: 344 daAuts
  Temple: 175 daAuts
     D:1: 93 daAuts
     D:2: 79 daAuts
